 Dungeon Crawl Stone Soup version 0.21.1-1-g345015f (console) character file.

13401 erker the Transmogrifier (level 12, -3/115 HPs)
             Began as an Octopode Transmuter on May 6, 2018.
             Was a High Priest of Cheibriados.
             Slain by a wolf spider (9 damage)
             ... on level 2 of the Lair of Beasts on May 7, 2018.
             The game lasted 01:21:31 (14894 turns).

erker the Transmogrifier (Octopode Transmuter)     Turns: 14894, Time: 01:21:32

Health: -3/115     AC: 26    Str: 23    XL:     12   Next: 5%
Magic:  31/32      EV:  2    Int: 40    God:    Cheibriados [*****.]
Gold:   129        SH:  0    Dex: 27    Spells: 16/26 levels left

rFire    + + .     SeeInvis .     - Unarmed
rCold    x . .     Gourm    +   (no shield)
rNeg     + + +     Faith    .   (helmet currently unavailable)
rPois    +         Spirit   .   g - amulet of the gourmand
rElec    .         Reflect  .   d - ring of magical power
rCorr    +         Harm     .   q - ring of fire
MR       ++...     NoTele   +   M - ring of the Mage {Wiz MR++ Int+3}
Stlth    ++++......             S - +3 ring of dexterity
HPRegen  0.29/turn              U - ring of Qiewk {rF+ rN+ Int+6}
MPRegen  0.23/turn              k - ring of resist corrosion
                                (no ring)
                                (no ring)

@: tree-form, very slow
A: almost no armour, stealthy swim, (amphibious), 8 rings, (constrict 8)
a: Bend Time, Temporal Distortion, Slouch, Step From Time, Renounce Religion


You were on level 2 of the Lair of Beasts.
You worshipped Cheibriados.
Cheibriados was extremely pleased with you.
You were not hungry.
You were a tree.
You visited 3 branches of the dungeon, and saw 13 of its levels.
You also visited: Ossuary.

You collected 812 gold pieces.
You spent 683 gold pieces at shops.

Inventory:

Hand Weapons
 b - a +0 hunting sling
 s - a +0 trident
Missiles
 a - 61 poisoned needles
 f - 124 sling bullets
 p - 100 bolts
 z - 6 tomahawks
 H - 51 arrows
 J - a throwing net (quivered)
Armour
 l - a +2 hat (melded)
Jewellery
 d - a ring of magical power (left branch)
 e - a +2 amulet of reflection
 g - an amulet of the gourmand (around neck)
 k - a ring of resist corrosion (on tentacle)
 q - a ring of fire (right branch)
 M - the ring of the Mage (on tentacle) {Wiz MR++ Int+3}
   (You found it on level 9 of the Dungeon)

   [ring of wizardry]

   It improves your spell success rate.
   It affects your intelligence (+3).
   It affects your resistance to hostile enchantments.
 S - a +3 ring of dexterity (on tentacle)
 U - the ring of Qiewk (on tentacle) {rF+ rN+ Int+6}
   (You bought it in a shop on level 9 of the Dungeon)

   [ring of protection from fire]

   It affects your intelligence (+6).
   It protects you from fire.
   It protects you from negative energy.
Wands
 w - a wand of flame (33)
 C - a wand of digging (9)
 L - a wand of acid (3)
 P - a wand of enslavement (10)
 Q - a wand of paralysis (28)
Scrolls
 m - 2 scrolls of identify
 n - a scroll of random uselessness {unknown}
 o - 4 scrolls of blinking
 r - 4 scrolls of remove curse
 t - a scroll of immolation {unknown}
 B - 3 scrolls of enchant armour
Potions
 h - 4 potions of might
 i - a potion of mutation {unknown}
 j - 2 potions of lignification
 u - a potion of agility
 v - a potion of ambrosia
 D - 3 potions of invisibility {unknown}
 E - a potion of resistance {unknown}
 Y - a potion of magic {unknown}
 Z - a potion of flight {unknown}
Books
 x - a book of Changes

   Spells                             Type                      Level
   a - Beastly Appendage              Transmutation                1
   b - Sticks to Snakes               Transmutation                2
   c - Spider Form                    Transmutation/Poison         3
   d - Ice Form                       Ice/Transmutation            4
   e - Blade Hands                    Transmutation                5
 X - a book of Debilitation

   Spells                             Type                      Level
   a - Corona                         Hexes                        1
   b - Slow                           Hexes                        2
   c - Inner Flame                    Hexes/Fire                   3
   d - Portal Projectile              Hexes/Translocation          3
   e - Cause Fear                     Hexes                        4
   f - Leda's Liquefaction            Hexes/Earth                  4
Miscellaneous
 N - a box of beasts
 O - a phial of floods
Comestibles
 c - 22 rations


   Skills:
 + Level 5.3 Fighting
 + Level 6.8 Dodging
 - Level 4.6 Stealth
 + Level 8.8 Unarmed Combat
 + Level 7.7 Spellcasting
 - Level 10.1 Transmutations
 + Level 3.4 Ice Magic
 - Level 2.1 Poison Magic
 * Level 4.9 Invocations
 * Level 3.8 Evocations


You had 16 spell levels left.
You knew the following spells:

 Your Spells              Type           Power        Failure   Level  Hunger
a - Beastly Appendage     Tmut           ######       1%          1    None
s - Spider Form           Tmut/Pois      ######....   1%          3    None
t - Sticks to Snakes      Tmut           #######.     1%          2    None
y - Ice Form              Ice/Tmut       ######..     1%          4    None


Dungeon Overview and Level Annotations

Branches:
Dungeon (10/15)            Temple (1/1) D:5            Lair (2/6) D:10
 Shoals (0/4) Lair:2
  Snake: Lair:2-4    Spider: Lair:2-4       Orc: D:9-12

Altars:
Ashenzari
Cheibriados
Dithmenos
Elyvilon
Fedhas
Gozag
Hepliaklqana
Kikubaaqudgha
Makhleb
Nemelex Xobeh
Okawaru
Qazlal
Ru
Sif Muna
Trog
Uskayaw
Vehumet
Wu Jian
Xom
Yredelemnul
Zin
The Shining One

Shops:
D:4 (   D:9 %=

Annotations:
D:5 2 exclusions


Innate Abilities, Weirdness & Mutations

You cannot wear most types of armour.
You are very stealthy in the water. (Stealth+)
((You are amphibious.))
You can wear up to eight rings at the same time.
((You can use your tentacles to constrict eight enemies at once.))
((Your skin changes colour to match your surroundings (Stealth+).))
((Your rubbery body absorbs attacks. (AC +1, EV +1)))


Message History

You pummel the wolf spider!! You freeze the wolf spider!
The wolf spider is almost dead.
You hear an angry hiss.
You hear a screech!
The wolf spider hits you!!
* * * LOW HITPOINT WARNING * * *
The wolf spider closely misses you. The wolf spider hits your adder!
Your adder dies!
Your adder bites the wolf spider but does no damage.
The wolf spider hits you but does no damage.
The wolf spider bites you but does no damage.
You warm up again.
Your +2 hat unmelds from your body.
You turn into a tree.
Your +2 hat melds into your body.
Your roots penetrate the ground.
The wolf spider hits you!
* * * LOW HITPOINT WARNING * * *
The wolf spider completely misses you.
Your adder closely misses the wolf spider.
The wolf spider hits you!
You die...

..#....## #.### #.# .###...# ##
##. ###...# #.# ..#P...###.##..
##.....# ###..
..##....##.....##......## #.P..
...#...P##.....#........# ###...#
........##.#...........# ##....##
#......###.............##.....#.#
.##......##.....sS..........##...
# ###.....#.....♣.........##.#.<.
##.......................#....
#.............$...#...........
#.........>......##...#.......
#.._.............###..##......
#...............###...##......
#.......#.......# #P..##......
##......###...### ##...#......
#.......# #P# #..##......


You could see a wolf spider and a friendly adder.

Vanquished Creatures
  A manticore (Lair:2)
  2 black mambas (Lair:1)
  A gargoyle (D:10)
  4 spiny frogs
  A komodo dragon (Lair:2)
  The ghost of Akransas the Cutter, a novice KoCK of Xom (D:4)
  A troll (D:9)
  A hippogriff (Lair:2)
  9 yaks (Lair:2)
  A basilisk (Lair:1)
  A hungry ghost (D:8)
  Menkaure (D:7)
  2 steam dragons (D:8)
  4 water moccasins
  A porcupine (Lair:1)
  An eye of draining (D:8)
  4 ice beasts
  4 orc warriors
  The ghost of Wanze the Skirmisher, an amateur DrWn (D:3)
  3 sky beasts
  A necrophage (D:10)
  4 wolves (Lair:2)
  7 ogres
  4 centaurs
  7 crocodiles
  14 bullfrogs
  5 scorpions
  15 killer bees
  3 wights (D:10)
  8 howler monkeys
  7 crimson imps
  A bullfrog zombie (D:5)
  A human zombie (D:5)
  2 quasits
  5 orc priests
  3 hounds
  2 jellies
  4 orc wizards
  A centaur skeleton (D:7)
  Natasha (D:2)
  A worker ant (D:6)
  A hound zombie (D:5)
  A hound skeleton (D:7)
  9 mummies
  2 worker ant zombies
  Robin (D:4)
  9 adders
  3 shadow imps (D:7)
  2 oozes
  3 adder skeletons
  4 worms
  3 dart slugs
  2 leopard geckos
  25 orcs
  9 bats
  2 bat zombies (D:9)
  8 giant cockroaches
  3 gnoll zombies
  11 hobgoblins
  20 jackals
  3 quokkas
  2 ball pythons (D:1)
  6 frilled lizards
  7 goblins
  A jackal skeleton (D:6)
  7 kobolds
  2 kobold zombies
  2 leopard gecko skeletons
  2 leopard gecko zombies
  5 orc zombies (Ossuary)
  12 rats
  A rat zombie (D:5)
308 creatures vanquished.

Vanquished Creatures (collateral kills)
  The ghost of Verendum the Severer, a journeyman HOAK of Lugonu (Lair:2)
  A two-headed ogre (D:10)
  A troll (D:10)
  A porcupine (Lair:2)
  A black bear (D:9)
  An ogre (D:4)
  A phantom (D:8)
  A bullfrog (Lair:2)
  A killer bee (D:7)
  An orc wizard (D:8)
  Natasha (twice) (D:2)
  2 adders
  A leopard gecko (D:2)
  4 orcs
19 creatures vanquished.

Vanquished Creatures (others)
  2 fungi (Lair:2)
  A plant (Lair:2)
3 creatures vanquished.

Grand Total: 330 creatures vanquished

Notes
Turn   | Place    | Note
-------+----------+-------------------------------------------
     0 | D:1      | erker the Octopode Transmuter began the quest for the Orb.
     0 | D:1      | Reached XP level 1. HP: 13/13 MP: 3/3
   225 | D:1      | Reached XP level 2. HP: 16/18 MP: 3/5
   229 | D:1      | Learned a level 2 spell: Sticks to Snakes
   414 | D:1      | Reached skill level 3 in Transmutations
   414 | D:1      | Reached XP level 3. HP: 8/23 MP: 6/6
   420 | D:1      | Learned a level 3 spell: Spider Form
  1231 | D:2      | Reached XP level 4. HP: 21/28 MP: 7/7
  1311 | D:2      | Reached skill level 1 in Poison Magic
  1718 | D:2      | Found a stormy altar of Qazlal.
  1894 | D:2      | Noticed Natasha
  1914 | D:2      | Killed Natasha
  1914 | D:2      | Reached skill level 4 in Transmutations
  1951 | D:2      | Noticed Natasha
  1959 | D:2      | Killed Natasha
  1959 | D:2      | Reached XP level 5. HP: 17/33 MP: 9/9
  2113 | D:2      | Noticed Natasha
  2120 | D:2      | Killed Natasha
  2476 | D:3      | Noticed an ogre
  2626 | D:4      | Found a blossoming altar of Fedhas.
  2632 | D:4      | Noticed Akransas's ghost (novice KoCK)
  2660 | D:4      | Learned a level 4 spell: Ice Form
  2714 | D:4      | Noticed an ogre
  2729 | D:4      | Killed an ogre
  2729 | D:4      | Reached XP level 6. HP: 30/38 MP: 11/11
  2814 | D:4      | Noticed Robin
  2822 | D:3      | Reached skill level 5 in Transmutations
  3317 | D:3      | Noticed Wanze's ghost (amateur DrWn)
  3394 | D:3      | Killed Wanze's ghost
  3394 | D:3      | Reached skill level 1 in Ice Magic
  3715 | D:3      | Reached XP level 7. HP: 34/43 MP: 12/12
  3861 | D:3      | Reached skill level 1 in Stealth
  3961 | D:4      | Killed Robin
  4178 | D:4      | Found a shattered altar of Ashenzari.
  4241 | D:4      | Killed Akransas's ghost
  4252 | D:4      | Found a basalt altar of Yredelemnul.
  4256 | D:4      | Found a white marble altar of Elyvilon.
  4256 | D:4      | Found a hide-covered altar of Uskayaw.
  4267 | D:4      | Found an iron altar of Okawaru.
  4277 | D:4      | Found a glowing golden altar of the Shining One.
  4317 | D:4      | Found Ugunirei's Weapon Boutique.
  4333 | D:4      | Reached XP level 8. HP: 50/50 MP: 14/14
  4520 | D:4      | Found a deep blue altar of Sif Muna.
  4636 | D:5      | Entered Level 5 of the Dungeon
  4747 | D:5      | Reached skill level 5 in Unarmed Combat
  4788 | D:5      | Found a staircase to the Ecumenical Temple.
  4926 | D:5      | Found a sand-covered staircase.
  4947 | Ossuary  | Entered an ossuary
  5161 | Ossuary  | Reached skill level 6 in Transmutations
  5602 | Temple   | Entered the Ecumenical Temple
  6752 | D:6      | Reached XP level 9. HP: 49/56 MP: 15/15
  7740 | D:7      | Found a snail-covered altar of Cheibriados.
  7801 | D:7      | Became a worshipper of Cheibriados the Contemplative
  7885 | D:7      | Noticed Menkaure
  7890 | D:7      | Killed Menkaure
  8311 | D:7      | Reached skill level 7 in Transmutations
  8483 | D:7      | Reached skill level 5 in Spellcasting
  8883 | D:8      | Reached * piety under Cheibriados
  8883 | D:8      | Reached skill level 8 in Transmutations
  8883 | D:8      | Reached XP level 10. HP: 63/63 MP: 18/18
  8975 | D:8      | Reached skill level 5 in Dodging
  9308 | D:8      | Reached ** piety under Cheibriados
  9878 | D:8      | Found a bloodstained altar of Trog.
 10011 | D:9      | Reached skill level 9 in Transmutations
 10592 | D:9      | Found a burning altar of Makhleb.
 10607 | D:9      | Reached *** piety under Cheibriados
 11069 | D:9      | Found the ring of the Mage {Wiz MR++ Int+3}
 11125 | D:9      | Found Tijiet's Food Shop.
 11238 | D:9      | Reached skill level 1 in Invocations
 11243 | D:9      | Found an ancient bone altar of Kikubaaqudgha.
 11323 | D:9      | Found Vuatuoss's Jewellery Boutique.
 11575 | D:10     | Entered Level 10 of the Dungeon
 11813 | D:10     | Noticed a two-headed ogre
 11837 | D:10     | Reached **** piety under Cheibriados
 11837 | D:10     | Reached XP level 11. HP: 33/70 MP: 20/20
 11850 | D:10     | Found a staircase to the Lair.
 11999 | D:10     | Killed a two-headed ogre
 11999 | D:10     | Reached skill level 10 in Transmutations
 12064 | D:10     | Found a blossoming altar of Fedhas.
 12387 | Lair:1   | Entered Level 1 of the Lair of Beasts
 12521 | D:9      | Bought the ring of Qiewk {rF+ rN+ Int+6} for 683 gold pieces
 12918 | Lair:1   | Reached skill level 1 in Evocations
 13296 | Lair:1   | Reached skill level 5 in Fighting
 13810 | Lair:2   | Reached ***** piety under Cheibriados
 14541 | Lair:2   | Noticed Verendum's ghost (journeyman HOAK)
 14560 | Lair:2   | Killed Verendum's ghost
 14786 | Lair:2   | Found an opulent altar of Gozag.
 14817 | Lair:2   | Found a staircase to the Shoals.
 14829 | Lair:2   | Reached XP level 12. HP: 77/77 MP: 23/23
 14894 | Lair:2   | Slain by a wolf spider

Skill      XL: |  1  2  3  4  5  6  7  8  9 10 11 |
---------------+----------------------------------+-----
Transmutations | 3 4 5 6 8 9 10 | 10.1
Poison Magic   | 1 2 |  2.1
Spellcasting   | 3 4 5 6 7 |  7.7
Ice Magic      | 1 2 3 |  3.4
Stealth        | 2 3 4 |  4.6
Unarmed Combat | 4 6 7 8 |  8.8
Fighting       | 3 4 5 |  5.3
Dodging        | 4 6 |  6.8
Invocations    | 1 4 |  4.9
Evocations     | 3 |  3.8

Action                   |  1- 3 |  4- 6 |  7- 9 | 10-12 || total
-------------------------+-------+-------+-------+-------++-------
Melee: Unarmed           |    90 |   155 |   303 |   390 ||   938
       Constrict         |    23 |    17 |    28 |     9 ||    77
       Kick              |     9 |     2 |       |       ||    11
       Tentacles         |     6 |    11 |    22 |    17 ||    56
       Punch             |     2 |     1 |     5 |     3 ||    11
 Fire: Hunting sling     |       |       |    84 |       ||    84
 Cast: Beastly Appendage |     9 |     1 |       |       ||    10
       Sticks to Snakes  |     1 |    10 |     2 |    34 ||    47
       Spider Form       |     1 |     9 |    16 |     4 ||    30
       Ice Form          |       |       |    15 |    32 ||    47
Invok: Temporal Distorti |       |       |       |     1 ||     1
 Abil: End Transformatio |       |       |       |     1 ||     1
Evoke: Wand              |       |       |       |     3 ||     3
  Use: Scroll            |       |       |       |    10 ||    10
       Potion            |       |       |       |     1 ||     1
 Stab: Sleeping          |    10 |     4 |     8 |    10 ||    32
       Distracted        |       |     1 |       |     6 ||     7
  Eat: Chunk             |     1 |    10 |    14 |    20 ||    45
       Ration            |       |       |     2 |       ||     2
Armor: Skin              |    11 |    10 |    75 |    86 ||   182
Dodge: Dodged            |    45 |    91 |   158 |   283 ||   577
